AoeStats
← Karamazov

Arabia

510805678Analyzed
1v1 RM · 7h ago on Oct 2, 2026· 25m 35s· 2 players
Game mode
Random Map
Map size
Tiny (2 player)
Population
200
Speed
Normal
Resources
Standard
Victory
Conquest
Starting age
Dark Age
Ending age
Imperial Age
RankedLock teamsTeams togetherTeam positionsShared explorationLock speedFull tech treeHidden civsTurbo modeCheats
Victory
Defeat
🇧🇷 Varangians · Brazil
1323
+17
🇷🇺 Huns · Russia
1340
-17
Karamazov
6:21 Loom
8:41 Feudal Age
9:09 Double-Bit Axe
12:55 Bloodlines
17:15 Horse Collar
20:20 Castle Age
20:41 Forging
21:12 Bow Saw
tdmlart
5:58 Loom
9:28 Feudal Age
15:50 Castle Age
15:15 Horse Collar
19:03 Forging
19:40 Bloodlines
20:16 Gold Mining
Connection lost

Rejoining the realm…

Still unreachable

The connection could not be restored.

Session expired

The server has moved on; the page needs a fresh start.